 Dungeon Crawl Stone Soup version 0.30-b1-2-g02819fbbbe (webtiles) character file.

Game seed: 390488049312205442

5726 manyhoops the Blocker (level 10, -6/83 HPs)
             Began as a Demigod Earth Elementalist on Nov 25, 2023.
             Mangled by an efreet
             ... wielding a +4 scimitar of flaming
              (12 damage)
             ... on level 9 of the Dungeon.
             The game lasted 00:14:44 (10087 turns).

manyhoops the Blocker (Demigod Earth Elementalist) Turns: 10087, Time: 00:14:45

Health: -6/83      AC:  7    Str:  9    XL:     10   Next: 24%
Magic:  13/21      EV: 18    Int: 34    God:
Gold:   487        SH:  7    Dex: 20    Spells: 9/18 levels left

rFire   . . .        w - +4 dagger of Ommo {pain, Int+5}
rCold   . . .        H - +0 buckler
rNeg    . . .        J - +0 troll leather armour
rPois   .            (no helmet)
rElec   .            K - +0 cloak
rCorr   .            F - +0 pair of gloves
SInv    .            v - +0 pair of boots
Will    +....        d - amulet of magic regeneration
Stlth   ++++         C - +5 ring of evasion
HPRegen 1.13/turn    l - +6 ring of dexterity
MPRegen 0.57/turn

%: no passive effects
@: no status effects
A: high MP 1, forlorn, divine attributes
a: no special abilities


You were on level 9 of the Dungeon.
You visited 1 branch of the dungeon, and saw 9 of its levels.

You collected 487 gold pieces.

Inventory:

Hand Weapons
 j - a +2 mace of protection
 w - the +4 dagger of Ommo (weapon) {pain, Int+5}
   (You found it on level 3 of the Dungeon)

   Int:       It affects your intelligence (+5).
Missiles
 N - 2 throwing nets
Armour
 a - a +0 robe
 v - a +0 pair of boots (worn)
 F - a +0 pair of gloves (worn)
 H - a +0 buckler (worn)
 J - a +0 troll leather armour (worn)
 K - a +0 cloak (worn)
Jewellery
 d - an amulet of magic regeneration (around neck)
 l - a +6 ring of dexterity (right hand)
 q - a ring of protection from cold
 C - a +5 ring of evasion (left hand)
 I - a +6 ring of strength
 P - a ring of willpower
Wands
 c - a wand of polymorph (14)
 t - a wand of flame (16)
 x - a wand of paralysis (14)
 D - a wand of roots (12)
 L - a wand of mindburst (12)
Scrolls
 e - a scroll of enchant armour
 g - a scroll of torment
 h - 2 scrolls of immolation
 i - 3 scrolls of enchant weapon
 k - 4 scrolls of identify
 m - a scroll of noise
 n - 4 scrolls of amnesia
 y - a scroll of vulnerability
 A - a scroll of magic mapping
 B - a scroll of teleportation
 G - a scroll of blinking
 M - a scroll of fog
Potions
 b - 2 potions of magic
 f - 3 potions of brilliance
 o - a potion of cancellation
 p - 3 potions of curing
 r - a potion of attraction
 s - a potion of flight {unknown}
 u - a potion of lignification
 z - a potion of ambrosia
 E - a potion of haste {unknown}
 O - a potion of resistance {unknown}
 Q - 2 potions of invisibility {unknown}


   Skills:
 - Level 5.9 Fighting
 - Level 3.9 Dodging
 - Level 7.0 Stealth
 - Level 8.4 Shields
 + Level 4.8 Spellcasting
 - Level 0.8 Transmutations
 + Level 5.7 Earth Magic


You had 9 spell levels left.
You knew the following spells:

 Your Spells              Type           Power      Damage    Failure   Level
a - Sandblast             Erth           94%        2d19      1%          1
b - Passwall              Tmut/Erth      25%        N/A       3%          2
c - Stone Arrow           Conj/Erth      54%        3d10      9%          3
d - Swiftness             Air            8%         N/A       26%         3

Your spell library contained the following spells:

 Spells                   Type           Power      Damage    Failure   Level
 Sting                    Tmut/Pois      44%        1d5       8%          1
 Ensorcelled Hibernation  Hex/Ice        16%        N/A       13%         2
 Poisonous Vapours        Pois/Air       16%        N/A       13%         2
 Petrify                  Tmut/Erth      30%        N/A       22%         4
 Olgreb's Toxic Radiance  Pois           8%         N/A       65%         4


Dungeon Overview and Level Annotations

Branches:
Dungeon (9/15)             Temple (0/1) D:6
   Lair: D:8-11         Orc: D:9-12


Innate Abilities, Weirdness & Mutations

You have an increased reservoir of magic. (+10% MP)
You shall have no god before yourself.
Your divine heritage dramatically boosts your attributes as you level up.


Message History

Confirm with . or Enter, or press ? or * to list all spells.
Aiming: Sandblast (safe; 1% risk of failure)
Press: ? - help, Shift-Dir - straight line, f/p - efreet
Aim: an efreet, wielding a +4 scimitar of flaming (heavily wounded, 95% to hit)
The blast of sand hits the efreet!!
The efreet is almost dead.
The efreet gestures at you.
The fireball explodes!
The fireball engulfs you!
The fireball engulfs the efreet.
The efreet completely resists.
Casting: Sandblast (safe; 1% risk of failure)
Confirm with . or Enter, or press ? or * to list all spells.
Aiming: Sandblast (safe; 1% risk of failure)
Press: ? - help, Shift-Dir - straight line, f/p - efreet
Aim: an efreet, wielding a +4 scimitar of flaming (almost dead, 95% to hit)
The blast of sand hits the efreet but does no damage.
The efreet is almost dead.
You block the efreet's attack. The efreet completely misses you.
Unknown command.
Casting: Sandblast (safe; 1% risk of failure)
Confirm with . or Enter, or press ? or * to list all spells.
Aiming: Sandblast (safe; 1% risk of failure)
Press: ? - help, Shift-Dir - straight line, f/p - efreet
Aim: an efreet, wielding a +4 scimitar of flaming (almost dead, 95% to hit)
The blast of sand hits the efreet but does no damage.
The efreet is almost dead.
The efreet gestures at you.
The fireball explodes!
The fireball engulfs you!
The fireball engulfs the efreet.
The efreet completely resists.
Casting: Sandblast (safe; 1% risk of failure)
Confirm with . or Enter, or press ? or * to list all spells.
Aiming: Sandblast (safe; 1% risk of failure)
Press: ? - help, Shift-Dir - straight line, f/p - efreet
Aim: an efreet, wielding a +4 scimitar of flaming (almost dead, 95% to hit)
The blast of sand hits the efreet but does no damage.
The efreet is almost dead.
The efreet gestures at you. The bolt of fire hits you!!
* * * LOW HITPOINT WARNING * * *
The efreet hits you with a +4 scimitar of flaming!
You die...

..........................#
#..#
.######..#######..........#
#..# .# #..# #..........#
#..# .# #..# #..........#
#..# .# #..# #..........#
#..#
.######..#######..........#
#..#
..........................#
#..#
................R.........#
#..#
.########..#####@.........#
#..# #..# #..........# #..#
#..# #..........# #..#
#..#####..........# #..#
#.................# #..#
#.......))........# #..#
#..#####..........# #..#
#..# #..........# #..#
.########..#
#..........###..#


You could see an efreet.

Vanquished Creatures
  2 trolls
  A wraith (D:9)
  6 yaks
  Menkaure (D:5)
  A water moccasin (D:7)
  2 ice beasts (D:6)
  2 orc warriors
  A black bear (D:3)
  3 ogres
  5 centaurs
  2 phantoms (D:6)
  3 kobold brigands
  3 bullfrogs
  2 gnoll sergeants
  2 scorpions
  12 wights
  6 killer bees (D:8)
  3 howler monkeys
  6 hounds
  2 jellies (D:6)
  5 orc priests
  Crazy Yiuf (D:7)
  An iron imp (D:5)
  2 sleepcaps
  Terence (D:1)
  A gnoll bouda (D:7)
  Natasha (thrice) (D:2)
  3 orc wizards
  Robin (D:2)
  17 gnolls
  10 adders
  4 shadow imps
  2 white imps
  2 ufetubi (D:6)
  A worm (D:2)
  2 dart slugs
  27 orcs
  9 ball pythons
  8 endoplasms
  3 giant cockroaches (D:2)
  18 goblins
  10 hobgoblins
  12 jackals
  19 kobolds
  3 quokkas
  2 bats
  4 frilled lizards
  5 rats
241 creatures vanquished.

Vanquished Creatures (others)
  4 plants (D:1)
4 creatures vanquished.

Grand Total: 245 creatures vanquished

Notes
Turn   | Place    | Note
-------+----------+-------------------------------------------
     0 | D:1      | manyhoops the Demigod Earth Elementalist began the quest
                  | for the Orb.
     0 | D:1      | Reached XP level 1. HP: 14/14 MP: 5/5
   179 | D:1      | Reached XP level 2. HP: 16/20 MP: 5/7
   487 | D:1      | Reached XP level 3. HP: 26/26 MP: 7/9
   902 | D:1      | Learned a level 2 spell: Passwall
   906 | D:1      | Learned a level 3 spell: Stone Arrow
  1089 | D:2      | Noticed Terence
  1104 | D:1      | Killed Terence
  1332 | D:2      | Noticed Robin
  1335 | D:2      | Killed Robin
  1336 | D:2      | Reached XP level 4. HP: 34/34 MP: 7/10
  1337 | D:2      | Reached skill level 1 in Fighting
  1541 | D:2      | Noticed Natasha
  1546 | D:2      | Killed Natasha
  1781 | D:2      | Reached XP level 5. HP: 39/42 MP: 11/11
  1796 | D:2      | Noticed Natasha
  1800 | D:2      | Killed Natasha
  1937 | D:2      | Noticed Natasha
  1943 | D:2      | Killed Natasha
  2170 | D:3      | Noticed a black bear
  2175 | D:3      | Killed a black bear
  2260 | D:3      | Reached XP level 6. HP: 53/53 MP: 13/13
  2522 | D:3      | Identified the +4 dagger of Ommo {pain, Int+5}
  2977 | D:4      | Reached skill level 5 in Fighting
  3899 | D:5      | Entered Level 5 of the Dungeon
  3947 | D:5      | Noticed Menkaure
  3972 | D:5      | Killed Menkaure
  4021 | D:5      | Reached XP level 7. HP: 7/62 MP: 12/14
  5515 | D:5      | Reached XP level 8. HP: 52/70 MP: 13/15
  5517 | D:5      | Reached skill level 5 in Stealth
  6188 | D:6      | Found a staircase to the Ecumenical Temple.
  6584 | D:7      | Noticed a troll
  6953 | D:7      | Killed a troll
  6954 | D:7      | Reached skill level 5 in Earth Magic
  6954 | D:7      | Reached XP level 9. HP: 35/75 MP: 16/19
  7105 | D:7      | Reached skill level 1 in Shields
  7249 | D:7      | Reached skill level 2 in Shields
  7256 | D:7      | Reached skill level 3 in Shields
  7366 | D:7      | Found a runed translucent door.
  7367 | D:7      | Noticed Crazy Yiuf
  7685 | D:7      | Killed Crazy Yiuf
  7752 | D:7      | Reached skill level 4 in Shields
  8176 | D:8      | Reached skill level 5 in Shields
  8272 | D:8      | Reached skill level 6 in Shields
  8550 | D:7      | Learned a level 3 spell: Swiftness
  8788 | D:8      | Identified the +3 war axe "Keivuxt" {freeze, Contam rElec
                  | rN+++ Str-5}
  8815 | D:8      | Reached skill level 7 in Shields
  8831 | D:8      | Reached XP level 10. HP: 21/83 MP: 5/20
  9301 | D:9      | Reached skill level 8 in Shields
 10087 | D:9      | Mangled by an efreet

Illustrated notes

Levels and vault maps discovered:
D:1:      dpeg_arrival_orchard, layout_basic,
          shapermc_ecumenical_altar_hornbeckon, hangedman_glass_teeth,
          nicolae_grassy_gnolls
D:2:      minmay_angry_zag, layout_loops_ring, kennysheep_generic_room_15,
          uniq_terence, uniq_robin, uniq_natasha
D:3:      layout_basic
D:4:      layout_basic, xom_confusion_cloud, serial_corexii_hall,
          chequers_hall_statues_y, corexii_hall_statues_x
D:5:      layout_basic, gammafunk_temple_overflow_statue, slow_altar_1,
          grunt_decor_fettered, uniq_menkaure
D:6:      layout_loops_cross, lemuel_temple_firewalk_b
D:7:      layout_loops_ring, uniq_crazy_yiuf_cottage
D:8:      layout_cave_pools
D:9:      layout_small_grid, lair_entry_dummy, grunt_potential

Skill      XL: |  1  2  3  4  5  6  7  8  9 10 |
---------------+-------------------------------+-----
Earth Magic    | 3 5 |  5.7
Spellcasting   | 2 4 |  4.8
Fighting       | 2 4 5 |  5.9
Dodging        | 2 3 |  3.9
Stealth        | 4 7 |  7.0
Shields        | 7 8 |  8.4
Transmutations | |  0.8

Action                     |  1- 3 |  4- 6 |  7- 9 | 10-12 || total
---------------------------+-------+-------+-------+-------++-------
  Melee: Mace              |     9 |    38 |       |       ||    47
         Dagger            |       |       |    14 |       ||    14
   Cast: Sandblast         |    43 |   111 |   227 |    58 ||   439
         Stone Arrow       |       |       |    14 |    10 ||    24
    Use: Potion            |     1 |       |     5 |       ||     6
         Scroll            |       |     8 |     9 |     2 ||    19
   Stab: Sleeping          |       |     4 |       |       ||     4
 Armour: Robe              |     2 |    23 |    25 |     1 ||    51
         Skin              |       |       |     2 |       ||     2
         Troll leather arm |       |       |       |     7 ||     7
  Dodge: Dodged            |    19 |    66 |   154 |    31 ||   270
  Block: Buckler           |       |       |    36 |    14 ||    50
